 Dungeon Crawl Stone Soup version 0.31.0-2-g5a2aebc5c2 (webtiles) character file.

Game seed: 12293924212120182314

41 Arctor the Shooter (level 3, -1/21 HPs)
             Began as a Kobold Hexslinger on Jan 21, 2024.
             Slain by a ribbon worm (3 damage)
             ... on level 2 of the Dungeon.
             The game lasted 00:01:26 (1232 turns).

Arctor the Shooter (Kobold Hexslinger)              Turns: 1232, Time: 00:01:26

Health: -1/21      AC:  2    Str:  5    XL:     3   Next: 75%
Magic:  5/5        EV: 15    Int: 14    God:
Gold:   68         SH:  0    Dex: 19    Spells: 3/5 levels left

rFire   . . .        a - +3 sling
rCold   . . .        (no shield)
rNeg    . . .        c - +0 robe
rPois   .            (no helmet)
rElec   .            (no cloak)
rCorr   .            (no gloves)
SInv    .            (no boots)
Will    .....        (no amulet)
Stlth   +++          (no ring)
HPRegen 0.23/turn    (no ring)
MPRegen 0.09/turn

%: no passive effects
@: no status effects
A: small, no large weapons, nightstalker 3
a: no special abilities


You were on level 2 of the Dungeon.
You visited 1 branch of the dungeon, and saw 2 of its levels.

You collected 68 gold pieces.

Inventory:

Hand Weapons
 a - a +3 sling (weapon)
Armour
 c - a +0 robe (worn)
Scrolls
 b - a scroll of poison
 d - a scroll of torment {unknown}
 e - 2 scrolls of identify {unknown}
 i - a scroll of butterflies {unknown}
Potions
 f - a potion of degeneration {unknown}
 g - a potion of might {unknown}
 h - a potion of lignification {unknown}


   Skills:
 + Level 1.7 Fighting
 + Level 3.3 Ranged Weapons
 + Level 2.9 Dodging
 + Level 1.6 Spellcasting
 + Level 3.3 Hexes
 - Level 1.2 Fire Magic


You had 3 spell levels left.
You knew the following spells:

 Your Spells              Type           Power      Damage    Failure   Level
a - Jinxbite              Hex            20%        N/A       10%         2

Your spell library contained the following spells:

 Spells                   Type           Power      Damage    Failure   Level
 Sigil of Binding         Hex            10%        N/A       19%         3
 Inner Flame              Hex/Fire       7%         N/A       28%         3
 Mercury Vapours          Alch/Air       2%         N/A       36%         2
 Mephitic Cloud           Conj/Alch/Air  1%         N/A       58%         3
 Cause Fear               Hex            5%         N/A       54%         4
 Dimensional Bullseye     Hex/Tloc       2%         N/A       77%         4
 Freezing Cloud           Conj/Ice/Air   0%         6-21      100%        5
 Haunt                    Necr/Summ      0%         N/A       100%        7
 Borgnjor's Revivificati  Necr           0%         N/A       100%        8
 Death's Door             Necr           0%         N/A       100%        9


Dungeon Overview and Level Annotations

Branches:
Dungeon (2/15)

Altars:


Innate Abilities, Weirdness & Mutations

You are small and have problems with some larger weapons.
You are completely attuned to the shadows.


Message History

You feel sick.
You feel sick.
You feel sick.
You are no longer poisoned.
i - a scroll labelled MIAMPI WIDU No target in view!
A ribbon worm comes into view.
You shoot a sling bullet.
The sling bullet barely misses the ribbon worm.
A ribbon worm is nearby!
You shoot a sling bullet. The sling bullet hits the ribbon worm.
The ribbon worm is lightly wounded.
A ribbon worm is nearby!
You shoot a sling bullet.
The sling bullet barely misses the ribbon worm.
A ribbon worm is nearby!
You shoot a sling bullet.
The sling bullet barely misses the ribbon worm.
The ribbon worm bites you.
You shoot a sling bullet. The sling bullet hits the ribbon worm!
The ribbon worm is severely wounded.
The ribbon worm expels a string of sticky webbing.
The stream of webbing hits you but does no damage.
You are caught in a web!
You are caught in a web!
You are caught in a web!
You are caught in a web!
You struggle to detach yourself from the web.
The ribbon worm bites you.
You struggle to detach yourself from the web.
The ribbon worm bites you.
You struggle to detach yourself from the web.
The ribbon worm bites you.
You struggle to detach yourself from the web.
The web tears apart.
The ribbon worm bites you.
* * * LOW HITPOINT WARNING * * *
You shoot a sling bullet.
The sling bullet completely misses the ribbon worm.
The ribbon worm bites you.
You die...

#..#.# #..#...(...#
#..# #.._(.### ..##
#.......# ..##
#....)#.#
...####......###
...............##
.......##.......#####
.....#.###...##.@w...
........##...........
##..###..............
#.######## ..


You could see a ribbon worm.

Vanquished Creatures
  An adder (D:2)
  A ribbon worm (D:2)
  2 dart slugs (D:1)
  3 bats
  3 endoplasms
  A giant cockroach (D:1)
  A goblin (D:1)
  3 jackals (D:1)
  A quokka (D:1)
  A ball python (D:1)
  3 frilled lizards (D:1)
  2 kobolds (D:2)
  5 rats
27 creatures vanquished.

Notes
Turn   | Place    | Note
-------+----------+-------------------------------------------
     0 | D:1      | Arctor the Kobold Hexslinger began the quest for the Orb.
     0 | D:1      | Reached XP level 1. HP: 12/12 MP: 2/2
   187 | D:1      | Reached XP level 2. HP: 13/16 MP: 3/3
   244 | D:1      | Learned a level 2 spell: Jinxbite
   471 | D:1      | Reached XP level 3. HP: 13/20 MP: 5/5
  1170 | D:2      | Found a faded altar of an unknown god.
  1232 | D:2      | Slain by a ribbon worm

Illustrated notes

Levels and vault maps discovered:
D:1:      shiori_shiawase, layout_basic
D:2:      layout_rooms, ebering_ecumenical_altar_sacrificial,
          hangedman_abyss_or_decor_stabs, minmay_door_square

Skill      XL: |  1  2 |
---------------+-------+-----
Ranged Weapons | 3 |  3.3
Fighting       | |  1.7
Dodging        | |  2.9
Spellcasting   | |  1.6
Hexes          | |  3.3
Fire Magic     | |  1.2

Action                     || total
---------------------------++-------
   Fire: Sling             ||    85
    Use: Scroll            ||     3
 Armour: Robe              ||    23
  Dodge: Dodged            ||    37
